 Dungeon Crawl Stone Soup version 0.28-a0-1435-g82390b3a13 (webtiles) character file.

Game seed: 18000685525924034326

3813 dolemite99 the Basher (level 9, -4/75 HPs)
             Began as a Minotaur Hunter on Jan 10, 2022.
             Was a Priest of Nemelex Xobeh.
             Killed from afar by Erica (30 damage)
             ... with a bolt of poison
             ... on level 8 of the Dungeon.
             The game lasted 00:10:54 (9511 turns).

dolemite99 the Basher (Minotaur Hunter)             Turns: 9511, Time: 00:10:55

Health: -4/75      AC: 15    Str: 25    XL:     9   Next: 97%
Magic:  14/14      EV:  8    Int:  8    God:    Nemelex Xobeh [***...]
Gold:   67         SH:  0    Dex: 12    Spells: 8/8 levels left

rFire   . . .      SeeInvis .   b - +5 dire flail
rCold   + . .      Faith    .   (shield currently unavailable)
rNeg    + . .      Spirit   .   r - +3 chain mail {rC+}
rPois   .          Reflect  .   (helmet restricted)
rElec   .          Harm     .   (no cloak)
rCorr   .          Rampage  .   (no gloves)
Will    .....                   (no boots)
Stlth   ..........              (no amulet)
HPRegen 0.22/turn               n - +4 ring of protection
MPRegen 0.14/turn               J - ring "Giveojor" {rN+ Str+5}

@: lethally poisoned (-4 -> -21), hasted and slowed
A: horns 2, retaliatory headbutt
a: Renounce Religion, Draw Escape, Draw Destruction, Draw Summoning, Triple Draw


You were on level 8 of the Dungeon.
You worshipped Nemelex Xobeh.
Nemelex Xobeh was most pleased with you.
You visited 1 branch of the dungeon, and saw 8 of its levels.

You collected 366 gold pieces.
You spent 299 gold pieces at shops.

Inventory:

Hand Weapons
 a - a +3 shortbow
 b - a +5 dire flail (weapon)
 i - a +0 short sword
 q - a +0 hunting sling
 t - a +0 mace
 C - a +1 flail of protection
 G - a +2 flail of venom
Missiles
 d - 140 arrows
 l - 26 bolts
 o - 58 sling bullets
 v - 19 poisoned darts (quivered)
Armour
 r - a +3 chain mail of cold resistance (worn)
Jewellery
 f - a +6 ring of dexterity
 k - a ring of wizardry
 n - a +4 ring of protection (left hand)
 p - a ring of resist corrosion
 E - a ring of protection from cold
 J - the ring "Giveojor" (right hand) {rN+ Str+5}
   (You found it on level 6 of the Dungeon)

   [ring of positive energy]

   Str:       It affects your strength (+5).
   rN:        It protects you from negative energy.
Wands
 s - a wand of paralysis (5)
 y - a wand of mindburst (13)
 A - a wand of iceblast (9)
 D - a wand of acid (10)
 K - a wand of flame (17)
Scrolls
 e - 3 scrolls of immolation
 h - 3 scrolls of magic mapping
 j - 2 scrolls of teleportation
 L - 2 scrolls of vulnerability
Potions
 m - a potion of ambrosia
 u - a potion of magic
 x - a potion of cancellation
 H - a potion of might {unknown}
 I - 2 potions of curing


   Skills:
 - Level 5.8 Fighting
 - Level 9.8 Maces & Flails
 - Level 9.1 Bows
 - Level 2.1 Dodging
 - Level 0.7 Stealth
 + Level 8.0 Invocations


You had 8 spell levels left.
You didn't know any spells.
Your spell library contained the following spells:

 Spells                   Type           Power      Damage    Failure   Level
 Apportation              Tloc           0%         N/A       98%         1
 Shock                    Conj/Air       0%         1d3       98%         1
 Sting                    Tmut/Pois      0%         1d3       98%         1
 Poisonous Vapours        Pois/Air       0%         N/A       99%         2
 Static Discharge         Conj/Air       0%         N/A       99%         2
 Dispel Undead            Necr           0%         3d6       100%        4
 Olgreb's Toxic Radiance  Pois           0%         N/A       100%        4
 Sticky Flame             Conj/Fire      0%         2d3       100%        4
 Alistair's Intoxication  Tmut/Pois      0%         N/A       100%        5
 Eringya's Noxious Bog    Tmut/Pois      0%         N/A       100%        6
 Iron Shot                Conj/Erth      0%         9d1       100%        6
 Storm Form               Tmut/Air       0%         N/A       100%        7


Dungeon Overview and Level Annotations

Branches:
Dungeon (8/15)             Temple (0/1) D:7
   Lair: D:8-11

Altars:
Makhleb
Nemelex Xobeh
The Shining One

Shops:
D:2 *(:

Annotations:
D:2 1 runed translucent door, Crazy Yiuf
D:8 Erica


Innate Abilities, Weirdness & Mutations

You have a pair of horns on your head.
You reflexively headbutt those who attack you in melee.


Message History

Erica is lightly wounded.
Erica casts a spell.
Erica flickers and vanishes!
Deactivating autopickup; reactivate with Ctrl-A.
You shoot an arrow. The arrow closely misses the orc.
You hear some strange, mumbled words.
You are confused.
You bump into the rock wall.
You completely miss something. Something hits you. Something burns you.
b - a +5 dire flail (weapon)
Something hits you but does no damage.
You impale something!!
You hear some strange, mumbled words.
A lance of force appears from out of thin air!
The lance of force hits you!!
You are knocked back by the lance of force.
You bump into the rock wall.
You feel less confused.
You hear some strange, mumbled words.
A lance of force appears from out of thin air!
The lance of force hits you!
You are knocked back by the lance of force.
You slam into the rock wall!
* * * LOW HITPOINT WARNING * * *
You hit something. Your headbutt misses something.
You feel yourself speed up. Something hits you.
* * * LOW HITPOINT WARNING * * *
Something burns you.
* * * LOW HITPOINT WARNING * * *
You feel better. Something hits you but does no damage.
You hit something but do no damage.
You hear some strange, mumbled words.
You feel yourself slow down.
You sock something!
You hear some strange, mumbled words.
A bolt of poison appears from out of thin air!
The bolt of poison hits you!!
You are poisoned.
You die...
Your body glows with a rainbow of weird colours and disappears.

#######
#....<#
#.###.########
#.#...........
#.#.#.########
#.....#
######.###
#......#
#@###### #{#
#o# #.# #.#
#.# #..(...$.
##......(
..#$..#


You could see an orc.

Vanquished Creatures
  Joseph (D:7)
  4 yaks (D:5)
  A steam dragon (D:7)
  Edmund (D:4)
  2 sky beasts (D:7)
  2 ice beasts
  2 black bears
  2 necrophages (D:5)
  2 ogres (D:6)
  A centaur (D:6)
  2 kobold brigands (D:7)
  2 bullfrogs (D:7)
  A scorpion (D:7)
  A water moccasin skeleton (D:3)
  10 wights (D:6)
  A bullfrog zombie (D:7)
  A centaur zombie (D:6)
  4 jellies
  2 gnoll shamans
  2 orc priests
  2 centaur skeletons
  Jessica (D:2)
  2 bullfrog skeletons
  2 iguanas (D:6)
  3 orc wizards
  A hound skeleton (D:4)
  9 gnolls
  A howler monkey skeleton (D:5)
  14 adders
  2 shadow imps
  A white imp (D:5)
  An adder skeleton (D:4)
  An adder zombie (D:5)
  3 worms (D:4)
  15 orcs
  6 ball pythons
  2 endoplasms (D:1)
  4 giant cockroaches
  5 goblins
  11 hobgoblins
  6 jackals
  10 kobolds
  2 quokkas
  12 bats
  5 frilled lizards
  A quokka skeleton (D:4)
  5 rats
171 creatures vanquished.

Vanquished Creatures (others)
  9 plants (D:1)
9 creatures vanquished.

Grand Total: 180 creatures vanquished

Notes
Turn   | Place    | Note
-------+----------+-------------------------------------------
     0 | D:1      | dolemite99 the Minotaur Hunter began the quest for the Orb.
     0 | D:1      | Reached XP level 1. HP: 18/18 MP: 0/0
    80 | D:1      | Reached XP level 2. HP: 26/26 MP: 1/1
   552 | D:1      | Found a faded altar of an unknown god.
   762 | D:1      | Prayed at the altar of an unknown god.
   762 | D:1      | Became a worshipper of Nemelex Xobeh the Trickster
   762 | D:1      | Reached * piety under Nemelex Xobeh
   762 | D:1      | Received a gift from Nemelex Xobeh
   996 | D:1      | Reached XP level 3. HP: 31/31 MP: 2/2
  1008 | D:1      | Reached skill level 5 in Bows
  1098 | D:2      | Found Kujuy's Assorted Antiques.
  1104 | D:2      | Bought a scroll labelled OHIESM AL GOYB for 26 gold pieces
  1285 | D:2      | Found Jyniafop's Book Boutique.
  1437 | D:2      | Found Isunlic's Antique Weapon Boutique.
  1480 | D:2      | Noticed Jessica
  1486 | D:2      | Killed Jessica
  1487 | D:2      | Reached XP level 4. HP: 41/41 MP: 3/3
  1618 | D:2      | Found a runed translucent door.
  1619 | D:2      | Noticed Crazy Yiuf
  2008 | D:3      | Reached XP level 5. HP: 28/47 MP: 4/4
  2104 | D:3      | Reached skill level 5 in Fighting
  2149 | D:3      | Found a glowing golden altar of the Shining One.
  2689 | D:4      | Reached ** piety under Nemelex Xobeh
  3046 | D:3      | Reached XP level 6. HP: 51/57 MP: 5/5
  3353 | D:4      | Noticed Edmund
  3378 | D:4      | Killed Edmund
  3815 | D:4      | Reached skill level 1 in Maces & Flails
  3826 | D:4      | Reached XP level 7. HP: 43/62 MP: 6/6
  4307 | D:4      | Received a gift from Nemelex Xobeh
  4497 | D:5      | Entered Level 5 of the Dungeon
  4681 | D:5      | Reached skill level 5 in Maces & Flails
  4842 | D:5      | Noticed a yak
  4844 | D:5      | Noticed a yak
  4845 | D:5      | Noticed a yak
  4852 | D:5      | Noticed a yak
  4854 | D:5      | Killed a yak
  4855 | D:5      | Reached XP level 8. HP: 62/70 MP: 7/7
  5210 | D:5      | Found a burning altar of Makhleb.
  5210 | D:5      | Noticed a green death
  6311 | D:6      | Reached XP level 9. HP: 27/70 MP: 8/8
  6740 | D:6      | Received a gift from Nemelex Xobeh
  6778 | D:6      | Reached skill level 1 in Invocations
  7373 | D:6      | Identified the ring "Giveojor" {rN+ Str+5}
  7422 | D:6      | Got the Compendium of Fatigue
  7658 | D:7      | Found a staircase to the Ecumenical Temple.
  7686 | D:7      | Reached *** piety under Nemelex Xobeh
  7698 | D:7      | Reached skill level 5 in Invocations
  7705 | D:7      | Noticed Joseph
  7716 | D:7      | Killed Joseph
  8326 | D:7      | Received a gift from Nemelex Xobeh
  9220 | D:2      | Bought 3 scrolls labelled QOFOMAZ JYNLIBA for 78 gold
                  | pieces
  9365 | D:2      | Bought a runed chain mail for 195 gold pieces
  9492 | D:8      | Noticed Erica
  9511 | D:8      | Killed from afar by Erica

Illustrated notes

Levels and vault maps discovered:
D:1:      roderic_crop_circles_arrival_small, layout_loops_cross,
          shapermc_ecumenical_altar_totnotflames, minmay_misc_feat_tiny
D:2:      layout_loops_ring, serial_shops, shop_fountains, shop, shop,
          nicolae_concentric_dashed_squares_mild, uniq_jessica,
          uniq_crazy_yiuf_cottage
D:3:      layout_loops_ring, mainiacjoe_overflow_catwalk
D:4:      layout_loops_ring, kennysheep_doodads, uniq_edmund
D:5:      layout_basic, makhleb_altar_promises_db
D:6:      layout_cave_pools, st_stairs_9
D:7:      layout_cave_pools, minmay_temple_entry_drinking_statues,
          minmay_circle_x, uniq_joseph
D:8:      layout_loops_ring, mainiacjoe_overflow_tiny_flanked, uniq_erica

Skill      XL: |  1  2  3  4  5  6  7  8  9 |
---------------+----------------------------+-----
Fighting       | 3 4 5 |  5.8
Bows           | 5 6 7 8 9 |  9.1
Maces & Flails | 1 7 9 |  9.8
Invocations    | 8 |  8.0
Dodging        | |  2.1
Stealth        | |  0.7

Action                   |  1- 3 |  4- 6 |  7- 9 || total
-------------------------+-------+-------+-------++-------
Melee: Short sword       |     4 |       |       ||     4
       Headbutt          |     3 |       |    16 ||    19
       Flail             |       |       |    48 ||    48
       Punch             |       |       |     2 ||     2
       Dire flail        |       |       |    68 ||    68
       Shortbow          |       |       |     1 ||     1
 Fire: Shortbow          |    97 |   179 |   231 ||   507
Throw: Dart              |       |       |     2 ||     2
  Use: Scroll            |     3 |     7 |    12 ||    22
       Potion            |       |     2 |     4 ||     6
Armor: Ring mail         |    12 |    19 |       ||    31
       Chain mail        |       |    23 |    82 ||   105
Dodge: Dodged            |    29 |    24 |    59 ||   112

Table legend: (Time is in decaauts)
 A = Elapsed time spent in this place.
 B = Non-inter-level travel time spent in this place.
 C = Inter-level travel time spent in this place.
 D = Time resting spent in this place.
 E = Time spent auto-exploring this place.
 F = Levels seen in this place.
 G = Mean time per level.
                   A        B        C        D        E       F      G
               +--------+--------+--------+--------+--------+-----+--------+
         Total |   9449 |   9088 |    361 |   3907 |   3639 |   8 | 1181.1 |
       Dungeon |   9449 |   9088 |    361 |   3907 |   3639 |   8 | 1181.1 |
               +--------+--------+--------+--------+--------+-----+--------+

Top non-repeatable levels by time:
     D:6: 1699 daAuts
     D:4: 1688 daAuts
     D:7: 1474 daAuts
     D:5: 1460 daAuts
     D:1: 1080 daAuts
     D:2: 1020 daAuts
     D:3: 987 daAuts
     D:8: 38 daAuts
